 Dungeon Crawl Stone Soup version 0.32-a0-995-gb4a59205af (webtiles) character file.

Game seed: 13960233756432728459

46 AnimeIsTrash the Charlatan (level 3, -2/26 HPs)
             Began as a Demonspawn Artificer on Apr 22, 2024.
             Was an Initiate of Okawaru.
             Slain by an iguana (7 damage)
             ... on level 2 of the Dungeon.
             The game lasted 00:04:02 (1876 turns).

AnimeIsTrash the Charlatan (Demonspawn Artificer)   Turns: 1876, Time: 00:04:03

Health: -2/26      AC:  8    Str: 14    XL:     3   Next: 46%
Magic:  3/3        EV:  6    Int: 11    God:    Okawaru [......]
Gold:   79         SH:  0    Dex: 15    Spells: 2/2 levels left

rFire   . . .        g - +0 short sword
rCold   . . .        (no shield)
rNeg    . . .        i - +0 chain mail
rPois   .            (no helmet)
rElec   .            (no cloak)
rCorr   .            (no gloves)
SInv    .            (no boots)
Will    .....        (no amulet) Stlth
                     (no ring)
HPRegen 0.24/turn    (no ring)
MPRegen 0.16/turn

%: no passive effects
@: no status effects
A: thin skeletal structure 1, magic regeneration
a: Renounce Religion


You were on level 2 of the Dungeon.
You worshipped Okawaru.
Okawaru was noncommittal.
You visited 1 branch of the dungeon, and saw 2 of its levels.

You collected 79 gold pieces.

Inventory:

Hand Weapons
 a - a +0 club
 g - a +0 short sword (weapon)
Armour
 b - a +0 leather armour
 f - a +0 ring mail
 i - a +0 chain mail (worn)
Wands
 c - a wand of flame (13) (quivered)
 e - a wand of iceblast (3)
Scrolls
 d - a scroll of acquirement {unknown}
 h - a scroll of identify
 j - a scroll of noise {unknown}
 l - a scroll of blinking {unknown}
 m - a scroll of immolation {unknown}
 n - a scroll of summoning {unknown}
Potions
 k - a potion of resistance
 o - a potion of lignification
 p - a potion of invisibility
 q - a potion of attraction
 r - a potion of haste
 s - a potion of heal wounds


   Skills:
 - Level 1.0 Fighting
 + Level 2.9 Axes
 - Level 1.7 Armour
 - Level 0.8 Dodging
 - Level 0.8 Stealth
 - Level 3.0 Evocations


You had 2 spell levels left.
You didn't know any spells.
Your spell library was empty.

Dungeon Overview and Level Annotations

Branches:
Dungeon (2/15)

Altars:
Okawaru


Innate Abilities, Weirdness & Mutations

You have a somewhat thin skeletal structure. (Dex +2, Stealth+)
You regenerate magic rapidly.


Message History

You hit the iguana.
The iguana is heavily wounded.
The iguana bites you.
You hit the iguana but do no damage.
The iguana is heavily wounded.
The iguana bites you.
You hit the iguana but do no damage.
The iguana is heavily wounded.
You hit the iguana.
The iguana is heavily wounded.
The iguana bites you but does no damage.
You hit the iguana but do no damage.
The iguana is heavily wounded.
You feel like a meek peon again.
The iguana bites you but does no damage.
You closely miss the iguana.
The iguana is heavily wounded.
The iguana barely misses you.
You barely miss the iguana.
The iguana is heavily wounded.
The iguana bites you.
Okay, then.
You feel much better. The iguana bites you.
You hit the iguana but do no damage.
The iguana is heavily wounded.
The iguana bites you but does no damage.
You hit the iguana but do no damage.
The iguana is heavily wounded.
The iguana barely misses you.
You hit the iguana but do no damage.
The iguana is heavily wounded.
The iguana bites you!
You barely miss the iguana.
The iguana is heavily wounded.
The iguana bites you!
* * * LOW HITPOINT WARNING * * *
You hit the iguana but do no damage.
The iguana is heavily wounded.
The iguana bites you!
You die...

#.#..##...##..........####
#.#.########.#.###########
#.#.# #..............
#.#.# ###.##########.
#.#.##########.#........#.
#.#............#..........
..#####################.##
#.....................#...
######@###########.###.
#l# #.#... #.# #.#.#. #.#
#.#.#. #.# #...#. #.#
#####. #.# ...... ##.##
#######


You could see an iguana.

Vanquished Creatures
  An adder (D:2)
  2 ribbon worms (D:2)
  3 ball pythons
  4 endoplasms
  2 giant cockroaches (D:2)
  3 goblins
  3 hobgoblins
  4 kobolds
  A quokka (D:1)
  2 bats (D:2)
  2 frilled lizards (D:1)
  A rat (D:1)
28 creatures vanquished.

Vanquished Creatures (others)
  An adder (D:2)
1 creature vanquished.

Grand Total: 29 creatures vanquished

Notes
Turn   | Place    | Note
-------+----------+-------------------------------------------
     0 | D:1      | AnimeIsTrash the Demonspawn Artificer began the quest for
                  | the Orb.
     0 | D:1      | Reached XP level 1. HP: 15/15 MP: 1/1
   191 | D:1      | Reached skill level 1 in Axes
   361 | D:1      | Gained mutation: You regenerate magic rapidly. [demonic
                  | ancestry]
   361 | D:1      | Reached XP level 2. HP: 18/21 MP: 2/2
  1249 | D:2      | Gained mutation: You have a somewhat thin skeletal
                  | structure. (Dex +2, Stealth+) [demonic ancestry]
  1249 | D:2      | Reached XP level 3. HP: 26/26 MP: 3/3
  1362 | D:2      | Found a faded altar of an unknown god.
  1396 | D:2      | Prayed at the altar of an unknown god.
  1396 | D:2      | Became a worshipper of Warmaster Okawaru
  1396 | D:2      | Reached * piety under Okawaru
  1876 | D:2      | Slain by an iguana

Illustrated notes

Levels and vault maps discovered:
D:1:      dpeg_arrival_circle_labyrinth_a, layout_basic
D:2:      layout_basic, hellmonk_ecumenical_altar_run_dry,
          serial_co_window_serial, co_window_of_opportunity_a,
          co_window_paths_a, co_window_cross_1, co_window_corner_a,
          co_window_paths_b, co_window_paths_b, co_window_of_opportunity_a,
          co_window_paths_a, co_window_corner_a, co_window_of_opportunity_c,
          co_window_2corner, co_window_unsneaky_path_b,
          co_window_of_opportunity_c

Skill      XL: |  1  2 |
---------------+-------+-----
Axes           | 1 2 |  2.9
Fighting       | |  1.0
Armour         | |  1.7
Dodging        | |  0.8
Stealth        | |  0.8
Evocations     | |  3.0

Action                     || total
---------------------------++-------
  Melee: Club              ||    19
         Short sword       ||   174
 Invoke: Heroism           ||     2
  Evoke: Wand              ||     7
    Use: Scroll            ||     5
         Potion            ||     2
 Armour: Ring mail         ||    34
         Chain mail        ||   114
         Skin              ||     4
  Dodge: Dodged            ||    54

Table legend: (Time is in decaauts)
 A = Elapsed time spent in this place.
 B = Non-inter-level travel time spent in this place.
 C = Inter-level travel time spent in this place.
 D = Time resting spent in this place.
 E = Time spent auto-exploring this place.
 F = Levels seen in this place.
 G = Mean time per level.
                   A        B        C        D        E       F      G
               +--------+--------+--------+--------+--------+-----+--------+
         Total |   1875 |   1826 |     49 |    156 |   1262 |   2 |  937.5 |
       Dungeon |   1875 |   1826 |     49 |    156 |   1262 |   2 |  937.5 |
               +--------+--------+--------+--------+--------+-----+--------+

Top non-repeatable levels by time:
     D:2: 1011 daAuts
     D:1: 864 daAuts
